 Dungeon Crawl Stone Soup version 0.26-a0-542-gbaa144ba5c (webtiles) character file.

Game seed: 11659574266095834944

721 Eifo4Ohj9gu9Dob0ohLe the Slasher (level 7, -16/91 HPs)
             Began as a Black Draconian Berserker on Aug 18, 2020.
             Was an Elder of Trog.
             Demolished by an ogre
             ... wielding a +0 giant club
              (22 damage)
             ... on level 5 of the Dungeon.
             The game lasted 00:24:37 (5093 turns).

Eifo4Ohj9gu9Dob0ohLe the Slasher (DrBe)             Turns: 5093, Time: 00:24:38

Health: -16/91     AC:  6    Str: 21    XL:     7   Next: 42%
Magic:  7/7        EV: 13    Int:  7    God:    Trog [****..]
Gold:   258        SH:  0    Dex: 11    Spells: 6/6 levels left

rFire    . . .     SeeInvis .   a - +1 falchion
rCold    . . .     Faith    .   (no shield)
rNeg     . . .     Spirit   .   (armour unavailable)
rPois    .         Reflect  .   (helmet restricted)
rElec    +         Harm     .   (no cloak)
rCorr    .                      (no gloves)
MR       .....                  (no boots)
Stlth    ..........             (no amulet)
HPRegen  0.25/turn              (no ring)
MPRegen  0.10/turn              (no ring)

@: berserking, very quick
A: breathe lightning, unfitting armour, mutation resistance 1, electricity
resistance, cold-blooded, MP-powered wands, AC +6
a: Breathe Lightning, Berserk, Trog's Hand, Brothers in Arms, Renounce Religion


You were on level 5 of the Dungeon.
You worshipped Trog.
Trog was greatly pleased with you.
You visited 1 branch of the dungeon, and saw 5 of its levels.

You collected 258 gold pieces.

Inventory:

Hand Weapons
 a - a +1 falchion (weapon)
Armour
 h - a +3 scale mail
Magical Staves
 k - an uncursed staff of fire {unknown}
Jewellery
 b - a cursed ring of stealth
 d - an uncursed ring of wizardry {unknown}
 o - an uncursed amulet of regeneration {unknown}
Wands
 i - a wand of digging (8)
Scrolls
 c - 3 scrolls of identify
 e - 3 scrolls of remove curse
Potions
 f - a potion of heal wounds
 j - a potion of mutation
 l - a potion of stabbing


   Skills:
 + Level 5.4 Fighting
 + Level 6.4 Long Blades
 + Level 4.3 Dodging
 + Level 1.9 Stealth


You had 6 spell levels left.
You didn't know any spells.
Your spell library was empty.

Dungeon Overview and Level Annotations

Branches:
Dungeon (5/15)
 Temple: D:4-7

Altars:
Ashenzari
Gozag
Xom

Shops:
D:4 (


Innate Abilities, Weirdness & Mutations

You can breathe wild blasts of lightning.
Your glossy black scales are hard. (AC +6)
You cannot fit into any form of body armour.
You are resistant to electric shocks. (rElec)
You are cold-blooded and may be slowed by cold attacks.
You are somewhat resistant to further mutation.
You expend magic power (3 MP) to strengthen your wands.


Message History

You recover from your berserk rage.
An ogre comes into view. It is wielding a +0 giant club.
Found a stone staircase leading up.
You swing at nothing.
The ogre shouts!
Found 21 gold pieces.
The ogre hits you with a +0 giant club!
Found a mace.
You hit the ogre.
The ogre is moderately wounded.
The ogre hits you with a +0 giant club!!
You barely miss the ogre. You tail-slap the ogre.
The ogre is moderately wounded.
The ogre hits you with a +0 giant club!!
* * * LOW HITPOINT WARNING * * *
You fail to use your ability.
A red film seems to cover your vision as you go berserk!
You feel yourself moving faster!
You feel mighty!
The ogre hits you with a +0 giant club!!
You die...

......... ....
.......... ...#
.........##...#
..........#...#
..............+
#............#
#............##
#......O.....$#
#...#.@#.##...)
#...#..#.# .
#.#...#..#.#
#........#.#
......<..#.#
######..#.##.
#.........# ##
#.#.##.#### .
#.#.##.##############


You could see an ogre.

Vanquished Creatures
  2 ogres
  2 scorpions
  A centaur zombie (D:5)
  3 orc priests
  An iguana (D:4)
  Ijyb (D:4)
  7 gnolls
  8 adders
  2 shadow imps (D:5)
  2 white imps (D:5)
  3 worms
  2 leopard geckos
  15 orcs
  3 bats
  2 giant cockroaches
  6 goblins
  10 hobgoblins
  7 jackals
  3 quokkas
  2 ball pythons
  6 frilled lizards
  A jackal skeleton (D:4)
  5 kobolds
  A quokka skeleton (D:5)
  12 rats
107 creatures vanquished.

Notes
Turn   | Place    | Note
-------+----------+-------------------------------------------
     0 | D:1      | Eifo4Ohj9gu9Dob0ohLe the Draconian Berserker began the
                  | quest for the Orb.
     0 | D:1      | Reached XP level 1. HP: 19/19 MP: 1/1
   163 | D:1      | Reached XP level 2. HP: 6/26 MP: 2/2
  1362 | D:2      | Found a shimmering altar of Xom.
  1460 | D:2      | Reached XP level 3. HP: 30/33 MP: 3/3
  1550 | D:2      | Reached ** piety under Trog
  1919 | D:2      | Reached skill level 4 in Long Blades
  1919 | D:2      | Reached XP level 4. HP: 40/40 MP: 4/4
  2308 | D:3      | Found an opulent altar of Gozag.
  2384 | D:3      | Reached XP level 5. HP: 30/46 MP: 5/5
  2508 | D:3      | Reached skill level 1 in Stealth
  3177 | D:3      | Found a shattered altar of Ashenzari.
  3198 | D:3      | Reached *** piety under Trog
  3294 | D:3      | Gained mutation: You expend magic power (3 MP) to
                  | strengthen your wands. [potion of mutation]
  3294 | D:3      | Gained mutation: You are somewhat resistant to further
                  | mutation. [potion of mutation]
  3323 | D:3      | Reached skill level 5 in Long Blades
  3449 | D:4      | Noticed an ogre
  3456 | D:4      | Killed an ogre
  3456 | D:4      | Reached XP level 6. HP: 35/55 MP: 6/6
  3780 | D:4      | Found Hautiono's Weapon Shop.
  3806 | D:4      | Noticed Ijyb
  3817 | D:4      | Killed Ijyb
  3951 | D:4      | Reached skill level 5 in Fighting
  4520 | D:5      | Entered Level 5 of the Dungeon
  4598 | D:5      | Your scales start taking on a glossy black colour.
  4598 | D:5      | Reached XP level 7. HP: 60/61 MP: 7/7
  4598 | D:5      | Gained mutation: You are resistant to electric shocks.
                  | (rElec) [Black Draconian growth]
  4609 | D:5      | Reached **** piety under Trog
  4609 | D:5      | Reached skill level 6 in Long Blades
  5090 | D:5      | HP: 3/61 [ogre/+0 giant club (22)]
  5093 | D:5      | Demolished by an ogre

Illustrated notes

Levels and vault maps discovered:
D:1:      giann_horns, layout_basic, minmay_bisected
D:2:      kennysheep_big_flooded_room, layout_basic, lemuel_crystal_altar,
          minmay_quantized
D:3:      layout_loops_corners, overflow_temple_1_default, grunt_gozag_statues,
          hangedman_decor_growths, guppyfry_early_orc_mine
D:4:      minmay_octagon_keep, layout_basic, serial_shops, kennysheep_mini,
          uniq_ijyb
D:5:      layout_basic, minmay_temple_entry_enclosed_plants, st_stairs_8,
          minmay_starry_boxes

Skill      XL: |  1  2  3  4  5  6  7 |
---------------+----------------------+-----
Fighting       | 4 5 |  5.4
Long Blades    | 4 5 6 |  6.4
Dodging        | 3 4 |  4.3
Stealth        | 1 |  1.9

Action                   |  1- 3 |  4- 6 |  7- 9 || total
-------------------------+-------+-------+-------++-------
Melee: Falchion          |    78 |   210 |    35 ||   323
       Tailslap          |    12 |    40 |     2 ||    54
Invok: Berserk           |     1 |     6 |     2 ||     9
 Abil: Breathe Lightning |       |       |     2 ||     2
  Use: Scroll            |     5 |     4 |       ||     9
       Potion            |     2 |     7 |       ||     9
 Stab: Sleeping          |       |     1 |     1 ||     2
Armor: Skin              |    24 |    40 |     6 ||    70
Dodge: Dodged            |    60 |   136 |     7 ||   203
       Rpst.: Falchion   |    24 |    41 |     1 ||    66

Table legend: (Time is in decaauts)
 A = Elapsed time spent in this place.
 B = Non-inter-level travel time spent in this place.
 C = Inter-level travel time spent in this place.
 D = Time resting spent in this place.
 E = Time spent auto-exploring this place.
 F = Levels seen in this place.
 G = Mean time per level.
                   A        B        C        D        E       F      G
               +--------+--------+--------+--------+--------+-----+--------+
         Total |   5155 |   4923 |    232 |   1565 |    815 |   5 | 1031.0 |
       Dungeon |   5155 |   4923 |    232 |   1565 |    815 |   5 | 1031.0 |
               +--------+--------+--------+--------+--------+-----+--------+

Top non-repeatable levels by time:
     D:3: 1317 daAuts
     D:4: 1092 daAuts
     D:2: 1079 daAuts
     D:1: 1074 daAuts
     D:5: 590 daAuts
